 Dungeon Crawl Stone Soup version 0.30.0-15-g856e2d3f33 (webtiles) character file.

Game seed: 12274006052332293520

1048947 Kenran the Invulnerable (level 27, -21/264 (273) HPs)
             Began as a Minotaur Fighter on May 19, 2023.
             Was the Champion of the Shining One.
             Killed from afar by a shard shrike (30 damage)
             ... with a shard of ice
             ... on level 6 of Cocytus.
             The game lasted 02:53:24 (80583 turns).

Kenran the Invulnerable (Minotaur Fighter)         Turns: 80583, Time: 02:53:24

HP:   -21/264 (273) AC: 43    Str: 31 (32) XL:     27
MP:   17/35         EV: 25    Int:  9      God:    the Shining One [******]
Gold: 5737          SH:  0    Dex: 19      Spells: 26/26 levels left

rFire   + + +        b - +9 executioner's axe (holy)
rCold   + + .        (shield currently unavailable)
rNeg    + + +        o - +9 plate armour of Rad Bast {Contam rF++ rC++}
rPois   +            S - +2 hat of the Hidden Orbs {rC+ Slay+2 Stlth+}
rElec   .            X - +2 cloak {rPois}
rCorr   +            G - +0 pair of gloves "Ydas" {rC+ Str+2 Dex+3}
SInv    +            A - +2 pair of boots {Fly}
Will    +....        g - amulet of faith {!P} Stlth
                     T - ring "Lehehul" {rCorr Str+6 Dex-5 SInv}
HPRegen 0.64/turn    Y - ring of the Good {rF++ rN++ Dex+6 Stlth-}
MPRegen 0.24/turn

%: faith
@: weak-willed, flying, glowing, studying 2 skills, lightly drained, unable to
drink
A: horns 2, retaliatory headbutt, clever 1, low MP 1, poison resistance,
screaming 1, weak 2, cold vulnerability 2, subdued magic 1
}: 11/15 runes: decaying, slimy, silver, obsidian, abyssal, demonic, glowing,
magical, fiery, dark, gossamer
a: Renounce Religion, Divine Shield, Cleansing Flame, Summon Divine Warrior


You were on level 6 of Cocytus.
You worshipped the Shining One.
The Shining One was exalted by your worship.
You visited 17 branches of the dungeon, and saw 79 of its levels.
You visited Pandemonium 1 time, and saw 16 of its levels.
You visited the Abyss 6 times.
You visited 1 bazaar.
You also visited: Trove, Gauntlet and Ice Cave.

You collected 10343 gold pieces.
You spent 4606 gold pieces at shops.

Inventory:

Hand Weapons
 a - a +9 executioner's axe of freezing
 b - a +9 executioner's axe of holy wrath (weapon)
 v - the +8 Wrath of Trog {antimagic, *Rage Rampage}
   (Okawaru gifted it to you on level 1 of the Vaults)

   It causes slowness and exhaustion when equipped.
   It extends the wielder's berserk rage when killing foes.
   *Rage:     It berserks you when you make melee attacks (+50% chance).
   Rampage:   It bestows one free step when moving towards enemies.
 y - the +4 executioner's axe of Uhixzuec {protect, rElec}
   (Okawaru gifted it to you on level 5 of the Lair of Beasts)

   rElec:     It insulates you from electricity.
Missiles
 U - 2 throwing nets (quivered)
Armour
 m - the +14 plate armour "Ismauh" {Contam rN+ Str+3 Dex+2}
   (You bought it in a shop on level 1 of the Depths)

   Str:       It affects your strength (+3).
   Dex:       It affects your dexterity (+2).
   rN:        It protects you from negative energy.
   Contam:    It causes magical contamination when unequipped.
 o - the +9 plate armour of Rad Bast (worn) {Contam rF++ rC++}
   (You found it on level 7 of Gehenna)

   rF:        It greatly protects you from fire.
   rC:        It greatly protects you from cold.
   Contam:    It causes magical contamination when unequipped.
 A - a +2 pair of boots of flying (worn)
 G - the +0 pair of gloves "Ydas" (worn) {rC+ Str+2 Dex+3}
   (Okawaru gifted it to you on level 1 of the Depths)

   Str:       It affects your strength (+2).
   Dex:       It affects your dexterity (+3).
   rC:        It protects you from cold.
 S - the +2 hat of the Hidden Orbs (worn) {rC+ Slay+2 Stlth+}
   (Okawaru gifted it to you on level 14 of the Dungeon)

   Slay:      It affects your accuracy & damage with ranged weapons and melee
   (+2).
   rC:        It protects you from cold.
   Stlth:     It makes you more stealthy.
 X - a +2 cloak of poison resistance (worn)
 Z - the +1 pair of gloves of Poker {Will+ Slay+3}
   (You found it in Pandemonium)

   Slay:      It affects your accuracy & damage with ranged weapons and melee
   (+3).
   Will:      It increases your willpower.
Jewellery
 g - an amulet of faith (around neck) {!P}
 N - the ring of Qetyexixt {rElec Int+3 SInv}
   (You found it on level 3 of the Elven Halls)

   [ring of see invisible]

   Int:       It affects your intelligence (+3).
   rElec:     It insulates you from electricity.
   SInv:      It lets you see invisible.
 P - the ring of Ipis {rF+ AC+4 Int+2}
   (You found it in a Gauntlet)

   [ring of protection]

   AC:        It affects your AC (+4).
   Int:       It affects your intelligence (+2).
   rF:        It protects you from fire.
 T - the ring "Lehehul" (left hand) {rCorr Str+6 Dex-5 SInv}
   (You found it on level 3 of the Lair of Beasts)

   [ring of strength]

   Str:       It affects your strength (+6).
   Dex:       It affects your dexterity (-5).
   SInv:      It lets you see invisible.
   rCorr:     It protects you from acid and corrosion.
 Y - the ring of the Good (right hand) {rF++ rN++ Dex+6 Stlth-}
   (You found it in an ice cave)

   [ring of dexterity]

   Dex:       It affects your dexterity (+6).
   rF:        It greatly protects you from fire.
   rN:        It greatly protects you from negative energy.
   Stlth:     It makes you less stealthy.
Wands
 p - a wand of charming (16)
 t - a wand of iceblast (96)
 K - a wand of mindburst (17)
 L - a wand of polymorph (51)
 O - a wand of acid (36)
 Q - a wand of digging (45)
 W - a wand of flame (126)
Scrolls
 f - 22 scrolls of teleportation
 q - 14 scrolls of blinking
 u - 14 scrolls of fear
 B - 10 scrolls of vulnerability {!r}
 C - 3 scrolls of magic mapping
 D - 11 scrolls of immolation {!r}
 E - 2 scrolls of brand weapon
 F - 11 scrolls of enchant armour
 H - 11 scrolls of poison
 J - 2 scrolls of enchant weapon
 M - 9 scrolls of fog
Potions
 c - 9 potions of flight
 d - 10 potions of might
 e - 19 potions of ambrosia
 h - 12 potions of berserk rage {!q}
 j - 14 potions of lignification {!q}
 k - 7 potions of haste
 n - 11 potions of magic
 r - 19 potions of heal wounds {@q2}
 s - 17 potions of curing {@q1}
 w - 13 potions of attraction {!q}
 z - 12 potions of brilliance
 R - 4 potions of cancellation
 V - 5 potions of resistance
Miscellaneous
 i - the horn of Geryon
 l - a piece from Xom's chessboard (15/15)
 x - a lightning rod (4/4)
 I - a phial of floods


   Skills:
 O Level 27 Fighting
 O Level 27 Axes
 + Level 1.2 Throwing
 O Level 27 Armour
 O Level 27 Dodging
 - Level 5.0 Shields
 O Level 27 Invocations
 O Level 27 Evocations


You had 26 spell levels left.
You didn't know any spells.
Your spell library contained the following spells:

 Spells                   Type           Power      Damage    Failure   Level
 Beastly Appendage        Tmut           0%         N/A       67%         1
 Foxfire                  Conj/Fire      0%         2x1d4     67%         1
 Freeze                   Ice            0%         1d3       67%         1
 Kiss of Death            Conj/Necr      0%         2d5       67%         1
 Necrotise                Necr           0%         1d4       67%         1
 Slow                     Hex            0%         N/A       67%         1
 Sting                    Tmut/Pois      0%         1d3       67%         1
 Summon Small Mammal      Summ           0%         N/A       67%         1
 Blink                    Tloc           0%         N/A       82%         2
 Cigotuvi's Dreadful Rot  Necr/Pois/Air  0%         N/A       82%         2
 Lesser Beckoning         Tloc           0%         N/A       82%         2
 Momentum Strike          Conj/Tloc      0%         3d8       82%         2
 Poisonous Vapours        Pois/Air       0%         N/A       82%         2
 Static Discharge         Conj/Air       0%         2-2/arc   82%         2
 Sublimation of Blood     Necr           0%         N/A       82%         2
 Wereblood                Tmut           0%         N/A       82%         2
 Call Canine Familiar     Summ           0%         N/A       96%         3
 Confusing Touch          Hex            0%         N/A       96%         3
 Dazzling Flash           Conj/Hex       0%         N/A       96%         3
 Frozen Ramparts          Ice            0%         1d1       96%         3
 Gell's Gravitas          Tloc           0%         N/A       96%         3
 Hailstorm                Conj/Ice       0%         3d3       96%         3
 Ignite Poison            Fire/Tmut/Pois 0%         N/A       96%         3
 Inner Flame              Hex/Fire       0%         N/A       96%         3
 Portal Projectile        Hex/Tloc       0%         N/A       96%         3
 Spider Form              Tmut/Pois      0%         N/A       96%         3
 Stone Arrow              Conj/Erth      0%         3d7       96%         3
 Summon Guardian Golem    Hex/Summ       0%         N/A       96%         3
 Teleport Other           Tloc           0%         N/A       96%         3
 Tukima's Dance           Hex            0%         N/A       96%         3
 Vampiric Draining        Necr           0%         2d6       96%         3
 Vhi's Electric Charge    Tloc/Air       0%         N/A       96%         3
 Airstrike                Air            0%         2d(0-16)  100%        4
 Animate Armour           Summ/Erth      0%         N/A       100%        4
 Cause Fear               Hex            0%         N/A       100%        4
 Dispel Undead            Necr           0%         3d6       100%        4
 Flame Wave               Conj/Fire      0%         2d4       100%        4
 Ice Form                 Ice/Tmut       0%         N/A       100%        4
 Leda's Liquefaction      Hex/Erth       0%         N/A       100%        4
 Manifold Assault         Tloc           0%         N/A       100%        4
 Olgreb's Toxic Radiance  Pois           0%         N/A       100%        4
 Passage of Golubria      Tloc           0%         N/A       100%        4
 Petrify                  Tmut/Erth      0%         N/A       100%        4
 Sticky Flame             Conj/Fire      0%         2d3       100%        4
 Summon Lightning Spire   Summ/Air       0%         N/A       100%        4
 Agony                    Necr           0%         N/A       100%        5
 Arcjolt                  Conj/Air       0%         1d10      100%        5
 Blade Hands              Tmut           0%         N/A       100%        5
 Fireball                 Conj/Fire      0%         3d3       100%        5
 Freezing Cloud           Conj/Ice/Air   0%         6-21      100%        5
 Lee's Rapid Deconstruct  Erth           0%         3d4*      100%        5
 Metabolic Englaciation   Hex/Ice        0%         N/A       100%        5
 Silence                  Hex/Air        0%         N/A       100%        5
 Summon Forest            Summ/Tloc      0%         N/A       100%        5
 Yara's Violent Unravell  Hex/Tmut       0%         3d3       100%        5
 Dispersal                Tloc           0%         N/A       100%        6
 Eringya's Noxious Bog    Tmut/Pois      0%         N/A       100%        6
 Iron Shot                Conj/Erth      0%         9d1       100%        6
 Plasma Beam              Fire/Air       0%         2x1d11    100%        6
 Simulacrum               Ice/Necr       0%         N/A       100%        6
 Starburst                Conj/Fire      0%         6d3       100%        6
 Statue Form              Tmut/Erth      0%         N/A       100%        6
 Dragon Form              Tmut           0%         N/A       100%        7
 Enfeeble                 Hex            0%         N/A       100%        7
 Storm Form               Tmut/Air       0%         N/A       100%        7
 Summon Hydra             Summ           0%         N/A       100%        7
 Discord                  Hex            0%         N/A       100%        8
 Disjunction              Tloc           0%         N/A       100%        8
 Ignition                 Fire           0%         3d3       100%        8
 Lehudib's Crystal Spear  Conj/Erth      0%         10d2      100%        8
 Maxwell's Capacitive Co  Air            0%         ∞         100%        8
 Dragon's Call            Summ           0%         N/A       100%        9


Dungeon Overview and Level Annotations

Branches:
Dungeon (15/15)            Temple (1/1) D:4            Lair (5/5) D:8
  Swamp (4/4) Lair:2       Spider (4/4) Lair:3        Slime (5/5) Lair:5
    Orc (2/2) D:10            Elf (3/3) Orc:2        Vaults (5/5) D:14
  Crypt (3/3) Vaults:3       Tomb (0/3) Crypt:3      Depths (4/4) D:15
   Hell (visited)             Dis (6/7) Hell            Geh (7/7) Hell
    Coc (7/7) Hell            Tar (2/7) Hell            Zot (5/5) Depths:4
  IceCv (visited)         Gauntlet (visited)

Altars:
Ashenzari
Cheibriados
Dithmenos
Elyvilon
Fedhas
Gozag
Hepliaklqana
Kikubaaqudgha
Makhleb
Nemelex Xobeh
Okawaru
Qazlal
Ru
Sif Muna
Trog
Uskayaw
Vehumet
Wu Jian
Xom
Yredelemnul
Zin
The Shining One
Jiyva

Shops:
D:2 *   D:8 [   D:15 *   Orc:1 (   Orc:2 [(:*   Vaults:3 *   Depths:1 *[(
Depths:2 (

Portals:
Hell: Depths:1 Depths:2 Depths:3 Depths:4
Abyss: Depths:1 Depths:2 Depths:3
Pandemonium: Depths:1 Depths:2 Depths:3 Depths:4
Ziggurat: Depths:4

Annotations:
Temple 2 transporters
Lair:2 exclusion: 2 oklob plants
Spider:4 2 transporters, puimuR's ghost, adept OgDe
Orc:2 2 runed translucent doors, exclusion: orange crystal statue
Elf:1 6 runed translucent doors
Vaults:2 exclusion: downstairs
Vaults:4 exclusion: downstairs
Crypt:1 exclusion: downstairs
Depths:4 1 runed translucent door, strangelove's ghost, master GrEE


Innate Abilities, Weirdness & Mutations

You have a pair of horns on your head.
You reflexively headbutt those who attack you in melee.
Your mind is acute. (Int +4, Str/Dex -1)
Your magical capacity is low. (-10% MP)
Your system is resistant to poisons. (rPois)
You occasionally shout uncontrollably at your foes.
You are very weak. (Str -4)
You are very vulnerable to cold. (rC--)
Your spells are a little easier to cast, but a little less powerful.


Message History

The nargun bites you but does no damage.
The water elemental hits you. x2
Your daeva resists with almost no effort.
The shard shrike claws you but does no damage.
The shard shrike claws you but does no damage. x2
The water elemental hits you!
* * * LOW HITPOINT WARNING * * *
The water elemental hits you!
* * * LOW HITPOINT WARNING * * *
The water elemental hits you. The shard shrike claws you!
* * * LOW HITPOINT WARNING * * *
The shard shrike freezes you! You resist.
* * * LOW HITPOINT WARNING * * *
The shard shrike claws you!
* * * LOW HITPOINT WARNING * * *
The shard shrike freezes you! You resist.
* * * LOW HITPOINT WARNING * * *
Your daeva hits the nargun with a +4 scimitar of holy wrath! x2
You turn to flesh and can move again.
Unknown command.
You cannot read scrolls while unable to breathe!
Unknown command.
Okay, then.
The shard shrike attacks as you move away!
The shard shrike claws you.
* * * LOW HITPOINT WARNING * * *
The shard shrike freezes you! You resist.
* * * LOW HITPOINT WARNING * * *
The water elemental attacks as you move away!
The water elemental barely misses you. You furiously retaliate!
You headbutt the water elemental!!
You slip free of the water engulfing you.
You gasp with relief as air once again reaches your lungs.
The shard shrike claws you.
* * * LOW HITPOINT WARNING * * *
The shard shrike freezes you! You resist.
* * * LOW HITPOINT WARNING * * *
The shard shrike spits a shard of ice at you.
The shard of ice hits you!! You partially resist.
You die...

#≈~~≈≈..≈≈~~≈##
###≈≈....≈~≈≈≈~#
. ##≈≈÷~...≈≈≈~~
..###≈~~....≈≈≈~
..≈≈##∩~.....≈≈~
~..≈≈≈≈≈......≈≈≈
≈≈..≈≈≈≈.b....≈≈≈
≈≈..≈≈≈b.b..≈≈≈≈≈
~~..~≈≈E~@≈≈≈≈.≈≈
~~..~~~E9E≈A9...≈
#≈≈≈.≈≈≈E~..##..≈
#≈≈≈≈≈≈~~~### ..
.≈≈≈≈..###
.R9≈≈.. ..≈≈≈..
..≈≈≈≈.


You could see 3 shard shrikes, a wendigo, an elemental wellspring, 3 narguns, 3
water elementals and a friendly daeva (summoned).

Vanquished Creatures
  Cerebov (Pan)
  the Royal Jelly (Slime:5)
  Dissolution (Slime:2)
  Ignacio (Pan)
  Gloorx Vloq (Pan)
  Mnoleg (Pan)
  Lom Lobon (Pan)
  12 dread liches
  Mara (Vaults:3)
  5 orbs of fire
  13 ancient liches
  4 juggernauts (Depths:2)
  Vv (Zot:3)
  3 royal mummies (Crypt:2)
  Boris (Crypt:3)
  3 Killer Klowns (Zot:5)
  Margery (Crypt:2)
  3 shard shrikes (Coc:5)
  15 golden dragons
  Geryon (Hell)
  2 curse toes (Zot:5)
  23 caustic shrikes
  A profane servitor (Depths:1)
  4 bone dragons
  4 Tzitzimimeh
  5 Brimstone Fiends
  Arachne (Spider:1)
  3 electric golems
  4 pandemonium lords (Pan)
  Jorgrun (D:13)
  16 tentacled monstrosities
  A walking earthen tome (Depths:2)
  9 Hell Sentinels
  8 hellephants
  25 Orb Guardians (Zot:5)
  Mlioglotl (Lair:2)
  18 titans
  A tainted leviathan (Hell)
  An iron giant (Dis:4)
  10 Ice Fiends
  6 liches
  4 quicksilver dragons
  4 deep elf master archers
  Rupert (Spider:1)
  Asterion (Elf:2)
  4 deep elf blademasters
  16 searing wretches
  9 death cobs
  15 ancient champions
  8 acid blobs
  Frances (Swamp:1)
  12 tentacled starspawn
  14 sphinxes
  24 Executioners
  2 thorn hunters
  10 shadow dragons
  14 tengu reavers
  8 azure jellies
  Donald (Crypt:2)
  4 draconian monks
  14 storm dragons
  Roxanne (Swamp:2)
  A fenstrider witch (Lair:2)
  8 rockslimes
  2 revenants
  24 vault wardens
  The ghost of Dwachs the Summoner, an adept MfIE of Sif Muna (Swamp:4)
  2 draconian knights
  8 quicksilver elementals
  3 demonspawn warmongers (Pan)
  33 fire giants
  8 shard shrike simulacra
  22 frost giants
  4 ghost moths
  4 narguns
  The ghost of Majang the Arsonist, an adept TeFE of Vehumet (Swamp:1)
  5 spectral caustic shrikes (Depths:2)
  A caustic shrike zombie (Crypt:1)
  7 emperor scorpions
  Louise (Depths:2)
  6 deep elf sorcerers
  32 balrugs
  4 iron dragons
  8 draconian shifters
  5 draconian scorchers
  5 orc warlords
  8 curse skulls
  8 ghouls
  2 draconian stormcallers
  10 reapers
  24 ironbound preservers
  7 deep elf elementalists
  16 war gargoyles
  5 demonspawn corrupters
  An angel (Abyss:3)
  4 spriggan defenders
  7 cacodemons
  A caustic shrike skeleton (Abyss:3)
  6 draconian annihilators
  8 ironbound thunderhulks
  15 vampire knights
  34 very ugly things
  7 putrid mouths (Hell)
  4 demonspawn blood saints (Pan)
  33 stone giants
  12 green draconians
  9 quicksilver oozes
  10 elemental wellsprings
  8 demonspawn black suns (Pan)
  6 deep elf demonologists
  4 eleionomae
  21 spark wasps
  7 black draconians
  5 starflowers (Abyss:3)
  6 wendigos
  4 bunyips
  15 dire elephants
  11 lorocyprocas
  A minotaur (Gauntlet)
  11 red draconians
  10 deep elf annihilators
  3 yellow draconians (Zot:4)
  13 purple draconians
  8 white draconians
  Snorg (D:12)
  11 deep elf death magi
  2 pearl dragon zombies (Depths:1)
  10 blizzard demons
  4 eidola
  A merfolk javelineer (Depths:3)
  23 ettins
  9 iron golems
  An ettin (shapeshifter) (Depths:2)
  5 crystal guardians
  5 green deaths
  8 yaktaur captains
  2 merfolk impalers (Depths:3)
  7 entropy weavers
  Josephine (Lair:5)
  13 deep elf high priests
  An entropy weaver (shapeshifter) (Vaults:5)
  A kraken zombie (Hell)
  2 mummy priests (Crypt:2)
  The ghost of Ijustatesigmund the Fighter, a journeyman GrFi of the Shining One (D:13)
  11 great orbs of eyes
  7 fire dragons
  3 jiangshi
  3 shambling mangroves
  8 spriggan air magi
  4 peacekeepers
  A quicksilver dragon skeleton (Hell)
  6 rakshasas
  6 salamander tyrants
  A hell beast (Pan)
  8 caustic shrike simulacra
  7 juggernaut simulacra
  21 hydras
  33 vault guards
  2 radroaches
  2 ogre magi
  2 ghost crabs
  12 ice dragons
  3 two-headed ogres
  An azure jelly zombie (Crypt:3)
  17 centaur warriors
  4 death knights
  12 dancing weapons
  An anaconda (Abyss:2)
  11 ironbound frosthearts
  16 stokers
  6 tengu warriors
  8 boulder beetles
  7 death yaks
  5 deep troll shamans
  8 alligators
  53 hell hogs
  11 deep troll earth magi
  6 vampire magi
  A quicksilver ooze zombie (Crypt:2)
  13 thrashing horrors
  23 deep elf knights
  8 orc high priests
  2 spectral dire elephants (Tar:1)
  Urug (Lair:5)
  9 spriggan berserkers
  20 hell knights
  33 soul eaters
  36 sun demons
  A titan zombie (Depths:2)
  10 wretched stars
  2 skysharks
  5 crystal echidnas
  8 sixfirhies
  10 shadow wraiths
  8 flayed ghosts
  7 iron trolls
  A spectral death yak (Lair:5)
  33 skeletal warriors
  5 pharaoh ants
  A spatial maelstrom (Abyss:3)
  5 spriggan druids
  A titan skeleton (Crypt:1)
  A spectral bunyip (Tar:1)
  A storm dragon skeleton (Pan)
  2 goliath frogs
  A spectral anaconda (Lair:5)
  3 sun moths
  4 shadow demons
  2 anaconda zombies
  5 quicksilver dragon simulacra
  A sea snake (Abyss:2)
  13 glowing orange brains
  36 deep elf archers
  2 bunyip skeletons (Hell)
  71 deep trolls
  A glowing orange brain (shapeshifter) (Vaults:5)
  14 lindwurms
  15 swamp dragons
  10 orb spiders
  2 shadow dragon zombies
  39 deep elf zephyrmancers
  10 steelbarb worms
  5 harpies
  2 steelbarb worms (shapeshifter)
  19 wizards
  2 anaconda skeletons
  6 bog bodies
  An obsidian statue (Lair:5)
  20 necromancers
  14 orc knights
  4 orange crystal statues
  14 wolf spiders
  10 phantasmal warriors
  25 ironbound convokers
  2 spriggan simulacra
  38 deep elf pyromancers
  A golden dragon skeleton (Depths:1)
  A fire giant zombie (Depths:2)
  A harpy (shapeshifter) (D:15)
  A mana viper (shapeshifter) (Vaults:5)
  2 spectral ettins (Tar:1)
  An oklob plant (Lair:5)
  6 cyclopes
  8 orc sorcerers
  A spectral alligator snapping turtle (Tar:1)
  A manticore (D:14)
  30 elephants
  7 shining eyes
  34 ugly things
  3 will-o-the-wisps (Swamp:3)
  3 worldbinders
  24 moths of wrath
  2 tengu skeletons
  4 apis skeletons (Depths:1)
  A salamander (shapeshifter) (Abyss:3)
  2 spectral centaurs (Tar:1)
  A frost giant skeleton (Depths:1)
  A guardian serpent (Abyss:2)
  A dire elephant zombie (Hell)
  An iron dragon skeleton (Hell)
  3 rust devils
  8 black mambas
  An eye of devastation (Slime:5)
  14 orange demons
  19 demonic crawlers
  An ice statue (Hell)
  2 stone giant skeletons
  21 vault sentinels
  3 dire elephant skeletons
  6 titan simulacra
  27 smoke demons
  An alligator snapping turtle zombie (Crypt:3)
  14 cane toads
  8 molten gargoyles (Hell)
  2 unseen horrors
  9 torpor snails
  7 hellions
  2 gargoyles (D:12)
  10 freezing wraiths
  A centaur skeleton (Crypt:3)
  11 storm dragon simulacra
  5 efreet
  A yaktaur (shapeshifter) (D:14)
  3 rime drakes
  7 komodo dragons
  45 yaktaurs
  A bunyip simulacrum (Coc:1)
  4 tengu conjurers
  An anaconda simulacrum (Coc:1)
  A mana viper zombie (Crypt:1)
  A silent spectre (Abyss:3)
  13 ice devils
  7 tormentors
  7 kobold demonologists
  An ancient zyme (Abyss:3)
  9 golden dragon simulacra
  2 iron giant simulacra
  A harpy zombie (Hell)
  3 meliai (D:14)
  5 polar bears
  2 hydra zombies
  A spectral harpy (Tar:1)
  An iron troll skeleton (Crypt:3)
  2 queen bees (Lair:2)
  A bloated husk (Swamp:2)
  8 red devils
  2 death drake zombies (Crypt:1)
  30 hornets
  24 hellwings
  5 tyrant leeches
  9 trolls
  A shadow dragon simulacrum (Depths:2)
  A hydra skeleton (Hell)
  A wolf spider simulacrum (Gauntlet)
  18 tarantellas
  13 blink frogs (Lair:4)
  2 harpy skeletons (Crypt:1)
  17 raiju
  A great orb of eyes zombie (Crypt:2)
  A boulder beetle zombie (Crypt:2)
  4 dream sheep (Lair:5)
  6 spriggan skeletons
  2 spectral elephants (Lair:5)
  2 alligator zombies (Hell)
  A stone giant simulacrum (Depths:1)
  65 slime creatures
  An ettin zombie (Hell)
  4 air elementals
  A black mamba zombie (Crypt:1)
  A guardian serpent skeleton (Crypt:2)
  29 culicivoras
  17 spriggans
  4 flying skulls
  27 jumping spiders
  5 water elementals
  2 ettin skeletons
  21 ynoxinuls
  4 centaur simulacra
  3 dire elephant simulacra
  2 black mamba skeletons (Crypt:1)
  7 wyverns
  2 shadows
  A naga simulacrum (Crypt:1)
  49 large abominations
  13 wraiths
  An alligator snapping turtle simulacrum (Coc:3)
  A human (shapeshifter) (D:14)
  5 fire bats
  A slime creature zombie (Crypt:1)
  56 yaks
  9 basilisks
  5 golden eyes
  18 humans (D:14)
  A tyrant leech zombie (Crypt:3)
  27 starcursed masses (Abyss:3)
  5 fire elementals
  17 vampire mosquitoes
  A sea snake simulacrum (Hell)
  61 redbacks
  20 neqoxecs
  14 chaos spawn
  A spatial vortex (Abyss:3)
  4 steam dragons (Lair:2)
  A death yak simulacrum (Lair:5)
  14 swamp worms
  An acid dragon (D:12)
  A naga zombie (Crypt:2)
  16 harpy simulacra
  2 wargs
  A warg (shapeshifter) (Depths:4)
  A fire bat skeleton (Crypt:3)
  2 hell hounds (Abyss:3)
  17 water moccasins
  An entropy weaver zombie (Crypt:2)
  7 floating eyes
  15 swamp drakes
  27 orc warriors
  4 ice beasts
  A sky beast (D:7)
  3 black bears
  4 ice dragon simulacra (IceCv)
  An elephant zombie (Lair:5)
  A manticore zombie (Crypt:2)
  4 ettin simulacra
  A tengu (shapeshifter) (D:13)
  A dream sheep skeleton (Crypt:3)
  8 ogres
  22 wolves
  2 swamp dragon skeletons
  9 centaurs
  18 kobold brigands
  7 bullfrogs
  2 earth elementals
  A gnoll sergeant (D:10)
  8 necrophages
  A draconian skeleton (Crypt:2)
  2 scorpions
  A hornet simulacrum (Gauntlet)
  11 wights
  2 cyclops skeletons
  61 killer bees
  4 lindwurm simulacra (IceCv)
  2 spriggan zombies
  A yak zombie (Crypt:2)
  4 howler monkeys
  5 crimson imps (Pan)
  4 quasits
  2 hounds
  4 jellies
  Crazy Yiuf (D:2)
  25 orc priests
  An iron imp (Abyss:3)
  A black bear zombie (Crypt:1)
  34 orc wizards
  4 iguanas
  3 sleepcaps
  9 hell rats
  20 small abominations
  The ghost of puimuR the Shield-Bearer, a weakling MeFi (D:3)
  A deep dwarf zombie (Crypt:3)
  An acid dragon skeleton (Crypt:3)
  Robin (D:2)
  16 gnolls
  7 adders
  2 shadow imps (D:6)
  7 ufetubi
  2 worms (D:4)
  2 dart slugs
  91 orcs
  4 bats
  9 endoplasms
  A giant cockroach (D:1)
  13 goblins
  10 hobgoblins
  7 jackals
  2 quokkas
  A river rat zombie (Crypt:1)
  5 ball pythons
  3 frilled lizards (D:1)
  A frilled lizard zombie (Crypt:2)
  2 goblin skeletons (Crypt:3)
  62 kobolds
  3 rats
  A ball lightning (Pan)
  4 creeping infernos
  35 fire vortices
  A lurking horror (Abyss:2)
  4 spectral weapons
  13 starspawn tentacles
  3 tentacles (Hell)
3796 creatures vanquished.

Vanquished Creatures (collateral kills)
  Asmodeus (Geh:7)
  A shard shrike (Coc:6)
  the Enchantress (Depths:3)
  An eldritch tentacle (Pan)
  A balrug (Pan)
  A blizzard demon (Pan)
  A wendigo (Coc:7)
  A stoker (Geh:7)
  A wizard (Pan)
  3 smoke demons (Pan)
  An orange demon (Pan)
  A tormentor (Pan)
  A hellwing (Pan)
  A ynoxinul (Pan)
  A neqoxec (Pan)
  3 fire vortices (Pan)
20 creatures vanquished.

Vanquished Creatures (others)
  A stone giant (Crypt:1)
  A caustic shrike simulacrum (Coc:3)
  A rakshasa (Pan)
  A hell hog (Geh:2)
  A sun demon (Hell)
  A deep troll (Vaults:1)
  A goliath frog (Swamp:3)
  A glowing orange brain (Pan)
  A deep elf archer (Crypt:3)
  2 wizards
  A lindwurm (Vaults:2)
  A deep elf zephyrmancer (Elf:2)
  A necromancer (Crypt:1)
  A titan simulacrum (Coc:5)
  A yaktaur (Vaults:1)
  2 anaconda simulacra (Coc:2)
  A tormentor (Pan)
  A red devil (Pan)
  3 bloated husks
  A water elemental (Elf:1)
  A chaos spawn (Pan)
  A minotaur simulacrum (Coc:2)
  3 harpy simulacra (Coc:2)
  A hydra simulacrum (Coc:2)
  A swamp drake (Swamp:4)
  A small abomination (Abyss:3)
  2 killer bees (Lair:2)
  An orc priest (Vaults:3)
  An orc wizard (Elf:1)
  An orc (Elf:1)
  23 ball lightnings
  3 creeping infernos
  4 fire vortices
  7 foxfires (Swamp:3)
  A lurking horror (Abyss:3)
  8 starspawn tentacles (Abyss:3)
  5 tentacles (Hell)
88 creatures vanquished.

Grand Total: 3904 creatures vanquished

Notes
Turn   | Place    | Note
-------+----------+-------------------------------------------
     0 | D:1      | Kenran the Minotaur Fighter began the quest for the Orb.
     0 | D:1      | Reached XP level 1. HP: 19/19 MP: 0/0
   156 | D:1      | Reached XP level 2. HP: 27/27 MP: 1/1
   792 | D:2      | Found a runed translucent door.
   793 | D:2      | Noticed Crazy Yiuf
   801 | D:2      | Killed Crazy Yiuf
   802 | D:2      | Reached XP level 3. HP: 23/33 MP: 2/2
   866 | D:2      | Noticed Robin
   888 | D:2      | Killed Robin
   889 | D:2      | Reached XP level 4. HP: 35/41 MP: 3/3
  1031 | D:2      | Found Vifriora's Assorted Antiques.
  1058 | D:2      | Found a faded altar of an unknown god.
  1390 | D:3      | Found a runed translucent gate.
  1390 | D:3      | Identified the +11 mace "Ussimanuhu" {spect, +Blink Dex+6}
  1390 | D:3      | Noticed puimuR's ghost (weakling MeFi)
  1391 | D:3      | Found a runed translucent gate.
  1392 | D:3      | Found a runed translucent gate.
  1499 | D:3      | Reached XP level 5. HP: 27/47 MP: 4/4
  1626 | D:3      | Noticed a black bear
  1639 | D:3      | Killed a black bear
  1640 | D:3      | Reached skill level 5 in Fighting
  1640 | D:3      | Reached skill level 5 in Axes
  1640 | D:3      | Reached skill level 5 in Armour
  2325 | D:4      | Noticed an ogre
  2334 | D:4      | Killed an ogre
  2335 | D:4      | Reached XP level 6. HP: 9/56 MP: 5/5
  2793 | D:4      | Found a staircase to the Ecumenical Temple.
  2811 | Temple   | Entered the Ecumenical Temple
  2811 | Temple   | Found a transporter.
  2811 | Temple   | Found a transporter.
  2813 | Temple   | Found a transporter.
  2813 | Temple   | Found a transporter.
  2833 | Temple   | Became a worshipper of Warmaster Okawaru
  2925 | D:4      | Reached XP level 7. HP: 57/61 MP: 6/6
  3217 | D:4      | Reached * piety under Okawaru
  3734 | D:5      | Entered Level 5 of the Dungeon
  3740 | D:5      | Reached skill level 10 in Axes
  3776 | D:5      | Reached XP level 8. HP: 31/68 MP: 7/7
  4469 | D:6      | Reached ** piety under Okawaru
  5230 | D:7      | Reached XP level 9. HP: 75/75 MP: 10/10
  5489 | D:7      | Reached *** piety under Okawaru
  6431 | D:8      | Reached **** piety under Okawaru
  6436 | D:8      | Reached skill level 10 in Fighting
  6493 | D:8      | Reached XP level 10. HP: 86/93 MP: 11/11
  6644 | D:8      | Found a staircase to the Lair.
  6669 | D:8      | Reached skill level 5 in Shields
  6677 | D:8      | Found Ipnaeqai's Armour Shoppe.
  6687 | D:8      | Bought a +0 pair of gloves for 45 gold pieces
  6765 | D:8      | Reached ***** piety under Okawaru
  7220 | D:8      | Noticed a two-headed ogre
  7230 | D:8      | Killed a two-headed ogre
  7393 | D:8      | Found a stormy altar of Qazlal.
  7768 | D:9      | Identified the +0 plate armour "Enona" {rC+ Will- Regen+}
                  | (Okawaru gifted it to you on level 9 of the Dungeon)
  7768 | D:9      | Received a gift from Okawaru
  7948 | D:9      | Reached skill level 1 in Dodging
  7953 | D:9      | Noticed a soul eater
  7954 | D:9      | Noticed a rust devil
  7960 | D:9      | Reached XP level 11. HP: 68/104 MP: 9/12
  8499 | D:10     | Entered Level 10 of the Dungeon
  8560 | D:10     | Reached skill level 5 in Dodging
  8561 | D:10     | Reached skill level 10 in Armour
  8732 | D:10     | Found a staircase to the Orcish Mines.
  8940 | D:10     | Found a snail-covered altar of Cheibriados.
  8967 | D:10     | Found an ornate altar of the Wu Jian Council.
  9239 | D:11     | Received a gift from Okawaru
  9283 | D:11     | Noticed a two-headed ogre
  9292 | D:11     | Killed a two-headed ogre
  9498 | D:11     | Received a gift from Okawaru
  9842 | Lair:1   | Entered Level 1 of the Lair of Beasts
  9952 | Lair:1   | Reached XP level 12. HP: 98/117 MP: 13/13
  9952 | Lair:1   | Reached ****** piety under Okawaru
  9953 | Lair:1   | Reached skill level 15 in Axes
  9957 | Lair:1   | Identified the +0 ring mail "Nasat" {rN+} (Okawaru gifted
                  | it to you on level 1 of the Lair of Beasts)
  9957 | Lair:1   | Received a gift from Okawaru
 10712 | Lair:2   | Found a staircase to the Swamp.
 10928 | Lair:2   | Found a sacrificial altar of Ru.
 11285 | Lair:2   | Noticed a five-headed hydra
 11297 | Lair:2   | Killed a one-headed hydra
 11419 | Lair:2   | Identified the +0 pair of boots "Danwoss" {rCorr Str+4
                  | Int-3} (Okawaru gifted it to you on level 2 of the Lair of
                  | Beasts)
 11419 | Lair:2   | Received a gift from Okawaru
 11674 | Lair:2   | Reached XP level 13. HP: 108/124 MP: 14/14
 11761 | Lair:2   | Got the Omnibus of Altered Fumes
 12278 | Lair:3   | Found a hole to the Spider Nest.
 12528 | Lair:3   | Received a gift from Okawaru
 12551 | Lair:3   | Reached skill level 1 in Evocations
 12856 | Lair:3   | Identified the ring "Lehehul" {rCorr Str+6 Dex-5 SInv}
 13272 | Lair:4   | Identified the +0 crystal plate armour of Objectivity
                  | {Str+2} (Okawaru gifted it to you on level 4 of the Lair of
                  | Beasts)
 13272 | Lair:4   | Received a gift from Okawaru
 13278 | Lair:4   | Reached skill level 5 in Invocations
 13426 | Lair:4   | Reached skill level 15 in Fighting
 13437 | Lair:4   | Reached XP level 14. HP: 95/135 MP: 16/16
 13849 | Lair:4   | Received a gift from Okawaru
 13887 | Lair:4   | Reached skill level 5 in Evocations
 14121 | Lair:5   | Entered Level 5 of the Lair of Beasts
 14204 | Lair:5   | Found a gate leading to a gauntlet.
 14225 | Lair:5   | Identified the +4 executioner's axe of Uhixzuec {protect,
                  | rElec} (Okawaru gifted it to you on level 5 of the Lair of
                  | Beasts)
 14225 | Lair:5   | Received a gift from Okawaru
 14247 | Gauntlet | Entered a Gauntlet
 14247 | Gauntlet | Found a transporter.
 14271 | Gauntlet | Found a transporter.
 14286 | Gauntlet | Found a transporter.
 14291 | Gauntlet | Found a transporter.
 14312 | Gauntlet | Found a transporter.
 14325 | Gauntlet | Found a transporter.
 14337 | Gauntlet | Found a transporter.
 14343 | Gauntlet | Found a transporter.
 14358 | Gauntlet | Found a transporter.
 14370 | Gauntlet | Found a transporter.
 14382 | Gauntlet | Found a transporter.
 14388 | Gauntlet | Found a transporter.
 14425 | Gauntlet | Found a transporter.
 14427 | Gauntlet | Found a transporter.
 14452 | Gauntlet | Found a transporter.
 14454 | Gauntlet | Found a transporter.
 14474 | Gauntlet | Found a transporter.
 14564 | Gauntlet | Found a transporter.
 14662 | Gauntlet | Gained mutation: You are weak. (Str -2) [a shining eye]
 14663 | Gauntlet | Paralysed by a floating eye for 4 turns
 14665 | Gauntlet | Gained mutation: You are frail. (-10% HP) [a shining eye]
 14826 | Gauntlet | Identified the +0 cloak of Weightlessness {Int+3}
 14830 | Gauntlet | Identified the ring of Ipis {rF+ AC+4 Int+2}
 14941 | Lair:5   | Noticed Urug
 14950 | Lair:5   | Killed Urug
 15036 | Lair:5   | Received a gift from Okawaru
 15058 | Lair:5   | Identified the +0 leather armour of Resonance {rF- Str+8}
 15061 | Lair:5   | Got the Handbook of Kismet
 15080 | Lair:5   | Found a staircase to the Slime Pits.
 15183 | Lair:5   | Received a gift from Okawaru
 15183 | Lair:5   | Found the +2 cloak of the Thief {*Fog Slay-2 SInv Stlth+}
 15191 | Lair:5   | Noticed Josephine
 15196 | Lair:5   | Killed Josephine
 16607 | D:3      | Killed puimuR's ghost
 16919 | D:12     | Noticed Snorg
 16928 | D:12     | Killed Snorg
 16929 | D:12     | Reached XP level 15. HP: 129/129 MP: 20/20
 16937 | D:12     | Identified the +9 rapier "Dadum" {heavy, Fly}
 17004 | D:12     | Identified the +9 battleaxe of the Dungeon {heavy, rCorr}
                  | (Okawaru gifted it to you on level 12 of the Dungeon)
 17004 | D:12     | Received a gift from Okawaru
 17691 | D:13     | Noticed Jorgrun
 17694 | D:13     | Found a runed translucent gate.
 17694 | D:13     | Noticed Ijustatesigmund's ghost (journeyman GrFi)
 17696 | D:13     | Found a runed translucent gate.
 17699 | D:13     | Killed Jorgrun
 17707 | D:13     | Found a runed translucent gate.
 18006 | D:13     | Identified the +11 falchion of Lies {flame, *Corrode Int+8}
 18261 | D:13     | Killed Ijustatesigmund's ghost
 18341 | D:14     | Identified the +2 hat of the Hidden Orbs {rC+ Slay+2
                  | Stlth+} (Okawaru gifted it to you on level 14 of the
                  | Dungeon)
 18341 | D:14     | Received a gift from Okawaru
 18385 | D:14     | Identified a scroll of acquirement
 18386 | D:14     | Acquired a manual of Evocations
 18483 | D:14     | Identified the +1 scale mail of Uskayaw's Indignation
                  | {rElec Str+4 SInv}
 18578 | D:14     | Found a gate to the Vaults.
 19170 | D:15     | Entered Level 15 of the Dungeon
 19170 | D:15     | Found a frozen archway.
 19191 | D:15     | Identified the +0 robe "Kith" {Str+3 Slay-6} (Okawaru
                  | gifted it to you on level 15 of the Dungeon)
 19191 | D:15     | Received a gift from Okawaru
 19401 | IceCv    | Entered an ice cave
 19562 | IceCv    | Noticed a golden dragon
 19578 | IceCv    | Killed a golden dragon
 19588 | IceCv    | Reached XP level 16. HP: 90/139 MP: 21/21
 19604 | IceCv    | Identified the +3 helmet of the Evening {Str+5 Int+3}
 19615 | IceCv    | Identified the ring of the Good {rF++ rN++ Dex+6 Stlth-}
 19792 | IceCv    | Identified the staff of cold "Qeol" {rC+ Int+3}
 20140 | D:15     | Found Ereaforo's Eclectic Emporium.
 20157 | D:15     | Bought a potion of experience for 700 gold pieces
 20157 | D:15     | Reached XP level 17. HP: 148/148 MP: 22/22
 20203 | D:15     | Found a staircase to the Depths.
 20208 | D:15     | Received a gift from Okawaru
 20520 | Orc:1    | Entered Level 1 of the Orcish Mines
 20556 | Orc:1    | You fall into a shaft and drop 1 floor!
 20556 | Orc:2    | Entered Level 2 of the Orcish Mines
 20627 | Orc:2    | Found Byojauji's Antique Weapon Boutique.
 20638 | Orc:2    | Found Vej Fyec's General Store.
 20777 | Orc:2    | Found a runed translucent door.
 20807 | Orc:2    | Found a runed translucent door.
 20814 | Orc:2    | Found the +10 tower shield of Ignorance {rN+ Int-4}
 20853 | Orc:2    | Found a staircase to the Elven Halls.
 21014 | Orc:2    | Found Waceicen's Book Boutique.
 21029 | Orc:2    | Found Eguam's Antique Armour Boutique.
 21283 | Orc:1    | Paralysed by an orc sorcerer for 4 turns
 21342 | Orc:1    | Found Kifaeluj's Weapon Shoppe.
 21531 | Orc:1    | Received a gift from Okawaru
 21684 | Swamp:1  | Entered Level 1 of the Swamp
 21684 | Swamp:1  | Noticed Frances
 21684 | Swamp:1  | Noticed Mlioglotl
 21694 | Lair:2   | Killed Mlioglotl
 22159 | Swamp:1  | Killed Frances
 22577 | Swamp:1  | Found a runed translucent door.
 22586 | Swamp:1  | Noticed Majang's ghost (adept TeFE)
 22891 | Swamp:1  | Killed Majang's ghost
 23195 | Swamp:2  | Reached skill level 10 in Evocations
 23239 | Swamp:2  | Identified the +0 chain mail "Hiarope" {Rampage rPois rC+}
 23354 | Swamp:2  | Noticed Roxanne
 23441 | Swamp:2  | Identified the +5 ring mail "Geczum" {Will+} (Okawaru
                  | gifted it to you on level 2 of the Swamp)
 23441 | Swamp:2  | Received a gift from Okawaru
 23869 | Swamp:2  | Killed Roxanne
 24303 | Swamp:3  | Reached XP level 18. HP: 52/160 MP: 23/23
 24875 | Spider:1 | Entered Level 1 of the Spider Nest
 25069 | Orc:2    | Bought a shiny plate armour for 858 gold pieces
 25445 | Spider:1 | Noticed Rupert
 25454 | Spider:1 | Paralysed by Rupert for 2 turns
 25473 | Spider:1 | Killed Rupert
 25474 | Spider:1 | Reached skill level 15 in Armour
 25701 | Spider:1 | Received a gift from Okawaru
 26092 | Spider:2 | Noticed Arachne
 26108 | Spider:1 | Killed Arachne
 26716 | Spider:2 | Received a gift from Okawaru
 28537 | Swamp:4  | Entered Level 4 of the Swamp
 28543 | Swamp:4  | Identified the +2 hat of Voist {Rampage rCorr} (Okawaru
                  | gifted it to you on level 4 of the Swamp)
 28543 | Swamp:4  | Received a gift from Okawaru
 28679 | Swamp:4  | Noticed a tentacled monstrosity
 28697 | Swamp:4  | Killed a tentacled monstrosity
 28882 | Swamp:4  | Found a runed translucent door.
 28911 | Swamp:4  | Noticed Dwachs's ghost (adept MfIE)
 29082 | Swamp:4  | Reached XP level 19. HP: 128/166 MP: 24/24
 29187 | Swamp:4  | Got a decaying rune of Zot
 29266 | Swamp:4  | Identified the +0 battleaxe "Zytumod" {drain, *Slow rElec
                  | Str+5 Stlth+} (Okawaru gifted it to you on level 4 of the
                  | Swamp)
 29266 | Swamp:4  | Received a gift from Okawaru
 29558 | Swamp:4  | Killed Dwachs's ghost
 29786 | Spider:4 | Entered Level 4 of the Spider Nest
 30567 | Spider:4 | Received a gift from Okawaru
 30604 | Spider:4 | Got a gossamer rune of Zot
 30850 | Spider:4 | Found a transporter.
 30852 | Spider:4 | Noticed puimuR's ghost (adept OgDe)
 30881 | Spider:4 | Identified the +0 robe of the Armoured One {Dex+4}
 30901 | Spider:4 | Found a transporter.
 30994 | Spider:4 | Reached skill level 10 in Dodging
 31567 | Vaults:1 | Entered Level 1 of the Vaults
 31604 | Vaults:1 | Received a gift from Okawaru
 31605 | Vaults:1 | Found the +8 Wrath of Trog {antimagic, *Rage Rampage}
 31787 | Vaults:1 | Found a flickering gateway to a bazaar.
 31796 | Bazaar   | Entered a bazaar
 31822 | Bazaar   | Found Kahoxt's General Store.
 31844 | Bazaar   | Found Lodghuoku's Distillery.
 31865 | Bazaar   | Found Ynlir's Book Boutique.
 31885 | Bazaar   | Found Ymaubees's Magic Scroll Shoppe.
 31891 | Bazaar   | Bought a scroll of blinking for 90 gold pieces
 31891 | Bazaar   | Bought a scroll of enchant armour for 90 gold pieces
 31912 | Bazaar   | Bought a +1 pair of boots of flying for 231 gold pieces
 31939 | Bazaar   | Bought a potion of resistance for 110 gold pieces
 31939 | Bazaar   | Bought a potion of curing for 33 gold pieces
 31939 | Bazaar   | Bought a potion of curing for 33 gold pieces
 32261 | Abyss:2  | Found a corrupted altar of Lugonu.
 32261 | Abyss:2  | Cast into level 2 of the Abyss (a wizard)
 32305 | Abyss:2  | Identified the +0 ring mail of Restlessness {Dex+4}
                  | (Okawaru gifted it to you on level 2 of the Abyss)
 32305 | Abyss:2  | Received a gift from Okawaru
 32508 | Vaults:1 | Escaped the Abyss
 32818 | Vaults:1 | Paralysed by a sphinx for 2 turns
 32824 | Vaults:1 | Reached XP level 20. HP: 158/180 MP: 25/25
 32824 | Vaults:1 | Paralysed by a great orb of eyes for 3 turns
 33293 | Vaults:1 | Received a gift from Okawaru
 34195 | Vaults:2 | Identified the +1 plate armour of Anaesthesia {Fly rC++
                  | rN+}
 34507 | Vaults:2 | Reached skill level 15 in Dodging
 34510 | Vaults:2 | Identified the +0 pair of boots of Apathy {Rampage rElec
                  | rC- Dex-2} (Okawaru gifted it to you on level 2 of the
                  | Vaults)
 34510 | Vaults:2 | Received a gift from Okawaru
 35351 | Vaults:3 | Reached skill level 10 in Invocations
 35498 | Vaults:3 | Paralysed by a sphinx for 4 turns
 35794 | Vaults:3 | Found Ifyotadgh's Assorted Antiques.
 35816 | Vaults:3 | Bought a scroll labelled BOHIR PAGGIGRI for 33 gold pieces
 35919 | Vaults:3 | Reached XP level 21. HP: 182/186 MP: 28/28
 35984 | Vaults:3 | Received a gift from Okawaru
 36065 | Vaults:3 | Noticed Mara
 36070 | Vaults:3 | Noticed Kenran's illusion
 36087 | Vaults:3 | Killed Mara
 36145 | Vaults:3 | Identified the +0 glaive of the New World {heavy, Str+3}
                  | (Okawaru gifted it to you on level 3 of the Vaults)
 36145 | Vaults:3 | Received a gift from Okawaru
 36178 | Abyss:2  | Cast into level 2 of the Abyss (a wizard)
 36242 | Abyss:2  | Found a hide-covered altar of Uskayaw.
 36261 | Abyss:2  | Noticed an ancient lich
 36262 | Vaults:3 | Escaped the Abyss
 36611 | Vaults:3 | Reached skill level 15 in Evocations
 36618 | Vaults:3 | Received a gift from Okawaru
 36846 | Vaults:3 | Found a staircase to the Crypt.
 37918 | Vaults:4 | Paralysed by a great orb of eyes for 4 turns
 37928 | Vaults:4 | Paralysed by a great orb of eyes for 4 turns
 38537 | Vaults:5 | Entered Level 5 of the Vaults
 38545 | Vaults:4 | Identified the +1 war axe "Woafec" {venom, Fragile rPois
                  | Dex+4 SInv} (Okawaru gifted it to you on level 4 of the
                  | Vaults)
 38545 | Vaults:4 | Received a gift from Okawaru
 38709 | Depths:1 | Entered Level 1 of the Depths
 38732 | Depths:1 | Found a gateway to Hell.
 38782 | Depths:1 | Found Yrphuech's Antique Weapon Boutique.
 38784 | Depths:1 | Found Rirauze's Armour Shop.
 38786 | Depths:1 | Found Yles's General Store.
 38796 | Depths:1 | Bought the +14 plate armour "Ismauh" {Contam rN+ Str+3
                  | Dex+2} for 2128 gold pieces
 38985 | Depths:1 | Found a one-way gate leading to the halls of Pandemonium.
 39027 | Depths:1 | Reached XP level 22. HP: 188/193 MP: 30/30
 39085 | Depths:1 | Found a basalt altar of Yredelemnul.
 39104 | Depths:1 | Identified the +0 pair of gloves "Ydas" {rC+ Str+2 Dex+3}
                  | (Okawaru gifted it to you on level 1 of the Depths)
 39104 | Depths:1 | Received a gift from Okawaru
 39327 | Depths:1 | Found a one-way gate to the infinite horrors of the Abyss.
 39850 | Depths:2 | Found Plog's Antique Weapon Emporium.
 39962 | Depths:2 | Noticed a golden dragon
 39980 | Depths:2 | Killed a golden dragon
 39990 | Depths:2 | Identified the +7 rapier of the Twisting Gnat {venom,
                  | Fragile rElec rC- rCorr}
 40013 | Depths:2 | Noticed a juggernaut
 40030 | Depths:2 | Killed a juggernaut
 40040 | Depths:2 | Identified the +1 ring mail of Wanaenez {rF+ Regen+}
                  | (Okawaru gifted it to you on level 2 of the Depths)
 40040 | Depths:2 | Received a gift from Okawaru
 40089 | Depths:2 | Noticed a caustic shrike
 40099 | Depths:2 | Killed a caustic shrike
 40101 | Depths:2 | Noticed a juggernaut
 40110 | Depths:2 | Killed a juggernaut
 40153 | Depths:2 | Noticed a juggernaut
 40162 | Depths:2 | Killed a juggernaut
 40180 | Depths:2 | Paralysed by a floating eye for 3 turns
 40279 | Depths:2 | Noticed a caustic shrike
 40286 | Depths:2 | Noticed a juggernaut
 40287 | Depths:2 | Killed a caustic shrike
 40293 | Depths:2 | Killed a juggernaut
 40304 | Depths:2 | Noticed a golden dragon
 40309 | Depths:2 | Received a gift from Okawaru
 40319 | Depths:2 | Killed a golden dragon
 40332 | Depths:2 | Reached XP level 23. HP: 194/200 MP: 31/31
 40643 | Depths:2 | Noticed Louise
 40656 | Depths:2 | Killed Louise
 41101 | Temple   | Fell from the grace of Okawaru
 41101 | Temple   | Became a worshipper of the Shining One
 41659 | Depths:2 | Was placed under penance by the Shining One
 41734 | Depths:2 | Fell from the grace of the Shining One
 41991 | Temple   | Became a worshipper of the Shining One
 42350 | Depths:3 | Paralysed by a vampire knight for 5 turns
 42602 | Elf:1    | Entered Level 1 of the Elven Halls
 42602 | Elf:1    | Reached * piety under the Shining One
 42772 | Elf:1    | Reached skill level 15 in Invocations
 42773 | Elf:1    | Paralysed by an air elemental for 1 turns
 43005 | Elf:1    | Paralysed by an air elemental for 1 turns
 43009 | Elf:1    | Reached ** piety under the Shining One
 43034 | Elf:1    | Found a runed translucent gate.
 43034 | Elf:1    | Found a runed translucent gate.
 43034 | Elf:1    | Found a runed translucent gate.
 43034 | Elf:1    | Found a runed translucent gate.
 43034 | Elf:1    | Found a runed translucent gate.
 43212 | Elf:1    | Found a runed translucent gate.
 43509 | Elf:1    | Paralysed by an air elemental for 1 turns
 44322 | Crypt:1  | Entered Level 1 of the Crypt
 44479 | Crypt:1  | Reached *** piety under the Shining One
 44527 | Crypt:1  | Reached **** piety under the Shining One
 44647 | Crypt:1  | Reached ***** piety under the Shining One
 45855 | Crypt:2  | Reached ****** piety under the Shining One
 46181 | Crypt:2  | Noticed Donald
 46197 | Crypt:2  | Killed Donald
 46442 | Crypt:2  | Noticed a royal mummy
 46449 | Crypt:2  | Killed a royal mummy
 46472 | Crypt:2  | Noticed a royal mummy
 46481 | Crypt:2  | Killed a royal mummy
 46612 | Crypt:2  | Noticed a royal mummy
 46613 | Crypt:2  | Found the +7 sceptre of Torment {pain, torment}
 46624 | Crypt:2  | Killed a royal mummy
 47270 | Crypt:2  | Identified a +5 executioner's axe of holy wrath (a +3
                  | executioner's axe of flaming blessed by the Shining One)
 47270 | Crypt:2  | Received a gift from the Shining One
 47411 | Crypt:2  | Noticed Margery
 47424 | Crypt:2  | Killed Margery
 47425 | Crypt:2  | Reached XP level 24. HP: 165/207 MP: 30/35
 47861 | Crypt:1  | Found an ancient bone altar of Kikubaaqudgha.
 47882 | Crypt:3  | Entered Level 3 of the Crypt
 48016 | Crypt:3  | Noticed Boris
 48032 | Crypt:3  | Killed Boris
 48245 | Crypt:3  | Found the ring of the Tortoise {AC+8}
 48287 | Crypt:3  | Identified the +7 sling "Tesma" {flame, +Blink rN+ Str-5}
 48368 | Crypt:3  | Noticed a dread lich
 48405 | Crypt:3  | Was forgiven by Okawaru
 48473 | Crypt:3  | Killed a dread lich
 48489 | Crypt:3  | Identified the +2 robe of Fashionability {rN+ Will+ Dex+2}
 48490 | Crypt:3  | Noticed an ancient lich
 48492 | Crypt:3  | Identified the ring of the Real Monster {Fly rF+++ rC-
                  | Int+2 Dex+6}
 48501 | Crypt:3  | Killed an ancient lich
 48511 | Crypt:3  | Identified the ring "Ummiceuw" {Ice Str+5 Int+2}
 48720 | Crypt:3  | Found a staircase to the Tomb.
 49538 | Elf:2    | Noticed Asterion
 49547 | Elf:2    | Killed Asterion
 50163 | Elf:3    | Entered Level 3 of the Elven Halls
 50795 | Abyss:2  | Cast into level 2 of the Abyss (a deep elf sorcerer)
 50861 | Abyss:2  | Killed an ancient lich
 50969 | Abyss:2  | Found a runed translucent door.
 50974 | Abyss:2  | Found a runed translucent door.
 50974 | Abyss:2  | Found a runed translucent door.
 51049 | Abyss:2  | Found a corrupted altar of Lugonu.
 51201 | Elf:3    | Escaped the Abyss
 52191 | Elf:3    | Identified the +9 spear of the Orange Skies {pain, *Noise
                  | Fly rF+++ Str+5}
 52221 | Elf:3    | Identified the ring of Qetyexixt {rElec Int+3 SInv}
 52233 | Elf:3    | Identified the +3 shortbow "Ifrelen" {elec, Dex+5}
 52240 | Elf:3    | Identified the +3 leather armour of the Red God {*Corrode
                  | Dex+3 Stlth+}
 52326 | Elf:3    | Got Nuirph's Atlas of Elsewhere
 52333 | Elf:3    | Identified the staff of poison "Retuhux" {rElec rPois rC-
                  | Dex+2}
 52336 | Elf:3    | Identified the ring "Inwecluw" {Fly Dex+7}
 52358 | Elf:3    | Identified the staff of death "Jet Loapurph" {rF- rN+
                  | Str+6}
 52708 | Depths:3 | Reached XP level 25. HP: 182/220 MP: 35/35
 53583 | Depths:3 | Noticed the Enchantress
 53598 | Depths:3 | Killed the Enchantress
 54243 | Depths:4 | Entered Level 4 of the Depths
 54672 | Depths:4 | Reached skill level 27 in Armour
 54960 | Depths:4 | Found a portal to a secret trove of treasure.
 54968 | Depths:4 | You paid a toll of 16 potions of curing to enter a treasure
                  | trove
 54969 | Trove    | Entered a treasure trove
 54981 | Trove    | Identified the +0 hat of Rotten Miracles {rC+}
 54982 | Trove    | Identified the +2 hat "Miqoeg" {Rampage Str+5}
 55025 | Trove    | Identified the +2 pair of gloves of Lust {rElec rF- Regen+
                  | rCorr}
 55046 | Trove    | Identified the +0 kite shield of Summertime {Will+}
 55047 | Trove    | Identified the orb of Efaf {*Rage, rElec Dex+3}
 55109 | Depths:4 | Found a gate to the Realm of Zot.
 55298 | Depths:4 | Found a runed translucent door.
 55303 | Depths:4 | Noticed strangelove's ghost (master GrEE)
 55496 | Depths:4 | Found a one-way gateway to a ziggurat.
 56075 | Abyss:3  | Cast into level 3 of the Abyss (a deep elf sorcerer)
 56240 | Abyss:3  | Paralysed by accursed screaming for 1 turns
 56251 | Abyss:3  | Found a corrupted altar of Lugonu.
 56406 | Vaults:5 | Escaped the Abyss
 56427 | Vaults:5 | Reached XP level 26. HP: 211/230 MP: 36/36
 57149 | Vaults:5 | Identified the ring of Pantheism {Fire Drain rPois rCorr
                  | Dex+3}
 57298 | Vaults:5 | Identified the staff of poison "Ympeur" {rPois rF+ Will+
                  | Str+4}
 57299 | Vaults:5 | Identified the +7 flail of Division {freeze, rC+ rCorr}
 57300 | Vaults:5 | Identified the +3 battleaxe of Tuzaipt {heavy, Dex+2
                  | Stlth+}
 57413 | Vaults:5 | Got a silver rune of Zot
 57775 | Vaults:5 | Identified the +6 mace of the Spinneret {flame, rCorr Str+3
                  | SInv}
 57820 | Vaults:5 | Identified the +3 flail of Doom {freeze, Fly rPois rCorr
                  | Str-3}
 58193 | Zot:1    | Entered Level 1 of the Realm of Zot
 58745 | Zot:1    | Noticed an orb of fire
 58749 | Zot:1    | Killed an orb of fire
 58805 | Zot:1    | Noticed a dread lich
 58806 | Zot:1    | Paralysed by a dread lich for 5 turns
 58814 | Zot:1    | Killed a dread lich
 59104 | Zot:1    | Noticed a dread lich
 59104 | Zot:1    | Paralysed by a dread lich for 5 turns
 59111 | Zot:1    | Noticed a dread lich
 59113 | Zot:1    | Paralysed by a dread lich for 2 turns
 59117 | Zot:1    | Killed a dread lich
 59122 | Zot:1    | Noticed a dread lich
 59123 | Zot:1    | Killed a dread lich
 59131 | Zot:1    | Paralysed by a floating eye for 3 turns
 59134 | Zot:1    | Noticed a dread lich
 59139 | Zot:1    | Noticed a dread lich
 59140 | Zot:1    | Killed a dread lich
 59141 | Zot:1    | Noticed a dread lich
 59142 | Zot:1    | Paralysed by a dread lich for 2 turns
 59146 | Zot:1    | Killed a dread lich
 59154 | Zot:1    | Killed a dread lich
 59157 | Zot:1    | Killed a dread lich
 59615 | Zot:2    | Reached XP level 27. HP: 243/243 MP: 37/37
 60195 | Zot:3    | Noticed Vv
 60207 | Zot:3    | Killed Vv
 60535 | Zot:3    | Reached skill level 27 in Fighting
 62268 | Zot:5    | Entered Level 5 of the Realm of Zot
 62289 | Zot:5    | Noticed an orb of fire
 62301 | Zot:5    | Killed an orb of fire
 62820 | Zot:5    | Noticed an ancient lich
 62821 | Zot:5    | Paralysed by a Zot trap for 3 turns
 62843 | Zot:5    | Killed an ancient lich
 62897 | Zot:5    | Noticed an ancient lich
 62912 | Zot:5    | Killed an ancient lich
 63168 | Zot:5    | Noticed an ancient lich
 63178 | Zot:5    | Killed an ancient lich
 63181 | Zot:5    | Noticed an ancient lich
 63190 | Zot:5    | Killed an ancient lich
 63213 | Zot:5    | Noticed an orb of fire
 63219 | Zot:5    | Gained mutation: You occasionally shout uncontrollably at
                  | your foes. [an orb of fire]
 63229 | Zot:5    | Killed an orb of fire
 63232 | Zot:5    | Noticed an ancient lich
 63243 | Zot:5    | Killed an ancient lich
 63260 | Zot:5    | Noticed an ancient lich
 63262 | Zot:5    | Noticed an orb of fire
 63266 | Zot:5    | Killed an ancient lich
 63274 | Zot:5    | Gained mutation: You sometimes lose your temper in combat.
                  | [an orb of fire]
 63275 | Zot:5    | Killed an orb of fire
 63507 | Zot:5    | Reached skill level 27 in Dodging
 64219 | Zot:5    | Noticed an orb of fire
 64223 | Zot:5    | Gained mutation: You have an uncontrollable temper. [an orb
                  | of fire]
 64227 | Zot:5    | Killed an orb of fire
 64802 | Depths:3 | Voluntarily entered the Abyss.
 64802 | Abyss:3  | Found a corrupted altar of Lugonu.
 64878 | Abyss:3  | Lost mutation: You are frail. (-10% HP) [potion of
                  | mutation]
 64878 | Abyss:3  | Lost mutation: You are weak. (Str -2) [potion of mutation]
 64878 | Abyss:3  | Gained mutation: You have sharp toenails. [potion of
                  | mutation]
 64878 | Abyss:3  | Gained mutation: You are robust. (+10% HP) [potion of
                  | mutation]
 64879 | Abyss:3  | Lost mutation: You have an uncontrollable temper. [potion
                  | of mutation]
 64879 | Abyss:3  | Lost mutation: You occasionally shout uncontrollably at
                  | your foes. [potion of mutation]
 64879 | Abyss:3  | Lost mutation: You are robust. (+10% HP) [potion of
                  | mutation]
 64879 | Abyss:3  | Gained mutation: You passively dampen the noise of your
                  | surroundings. [potion of mutation]
 64879 | Abyss:3  | Gained mutation: You are weak. (Str -2) [potion of
                  | mutation]
 64879 | Abyss:3  | Gained mutation: You have supernaturally acute eyesight.
                  | (SInv) [potion of mutation]
 64880 | Abyss:3  | Lost mutation: You have supernaturally acute eyesight.
                  | (SInv) [potion of mutation]
 64880 | Abyss:3  | Lost mutation: You are weak. (Str -2) [potion of mutation]
 64880 | Abyss:3  | Gained mutation: You are agile. (Dex +4, Str/Int -1)
                  | [potion of mutation]
 64881 | Abyss:3  | Lost mutation: You sometimes lose your temper in combat.
                  | [potion of mutation]
 64881 | Abyss:3  | Lost mutation: You are agile. (Dex +4, Str/Int -1) [potion
                  | of mutation]
 64881 | Abyss:3  | Lost mutation: You passively dampen the noise of your
                  | surroundings. [potion of mutation]
 64881 | Abyss:3  | Gained mutation: You are robust. (+10% HP) [potion of
                  | mutation]
 64881 | Abyss:3  | Gained mutation: You have a pair of large horns on your
                  | head. [potion of mutation]
 64889 | Abyss:3  | Gained mutation: Your magical capacity is low. (-10% MP) [a
                  | cacodemon]
 65350 | Abyss:3  | Gained mutation: You are vulnerable to heat. (rF-) [a
                  | neqoxec]
 65521 | Abyss:3  | Got an abyssal rune of Zot
 65569 | Abyss:3  | Gained mutation: You are vulnerable to cold. (rC-) [a
                  | neqoxec]
 65575 | Abyss:3  | Lost intelligence.
 65576 | Abyss:3  | Gained mutation: You occasionally shout uncontrollably at
                  | your foes. [a neqoxec]
 65766 | Depths:3 | Escaped the Abyss
 66140 | Slime:1  | Entered Level 1 of the Pits of Slime
 66208 | Slime:3  | Noticed Dissolution
 66215 | Slime:3  | Gained mutation: Your spells are a little harder to cast,
                  | but a little more powerful. [a shining eye]
 66223 | Slime:2  | Lost mutation: You are robust. (+10% HP) [a shining eye]
 66228 | Slime:2  | Gained mutation: You are dopey. (Int -2) [a shining eye]
 66268 | Slime:2  | Killed Dissolution
 66357 | Slime:4  | Lost mutation: You have sharp toenails. [potion of
                  | mutation]
 66357 | Slime:4  | Lost mutation: You are dopey. (Int -2) [potion of mutation]
 66357 | Slime:4  | Lost mutation: Your magical capacity is low. (-10% MP)
                  | [potion of mutation]
 66357 | Slime:4  | Gained mutation: You have sharp toenails. [potion of
                  | mutation]
 66357 | Slime:4  | Gained mutation: You are strong-willed. (Will+) [potion of
                  | mutation]
 66357 | Slime:4  | Gained mutation: You are robust. (+10% HP) [potion of
                  | mutation]
 66358 | Slime:4  | Lost mutation: You are strong-willed. (Will+) [potion of
                  | mutation]
 66358 | Slime:4  | Lost mutation: Your spells are a little harder to cast, but
                  | a little more powerful. [potion of mutation]
 66358 | Slime:4  | Lost mutation: You are robust. (+10% HP) [potion of
                  | mutation]
 66358 | Slime:4  | Gained mutation: Your spells are a little harder to cast,
                  | but a little more powerful. [potion of mutation]
 66359 | Slime:4  | Lost mutation: You occasionally shout uncontrollably at
                  | your foes. [potion of mutation]
 66359 | Slime:4  | Lost mutation: You have a pair of large horns on your head.
                  | [potion of mutation]
 66359 | Slime:4  | Gained mutation: You are clumsy. (Dex -2) [potion of
                  | mutation]
 66359 | Slime:4  | Lost mutation: You are clumsy. (Dex -2) [potion of
                  | mutation]
 66360 | Slime:4  | Lost mutation: You have sharp toenails. [potion of
                  | mutation]
 66360 | Slime:4  | Lost mutation: You are vulnerable to heat. (rF-) [potion of
                  | mutation]
 66360 | Slime:4  | Lost mutation: You are vulnerable to cold. (rC-) [potion of
                  | mutation]
 66360 | Slime:4  | Gained mutation: You are vulnerable to cold. (rC-) [potion
                  | of mutation]
 66360 | Slime:4  | Gained mutation: Your mind is acute. (Int +4, Str/Dex -1)
                  | [potion of mutation]
 66462 | Slime:5  | Entered Level 5 of the Pits of Slime
 66744 | Slime:5  | Found a viscous altar of Jiyva.
 66745 | Slime:5  | Noticed the Royal Jelly
 66764 | Slime:5  | Gained mutation: You occasionally shout uncontrollably at
                  | your foes. [a shining eye]
 66768 | Slime:5  | Killed the Royal Jelly
 66802 | Slime:5  | Gained mutation: You are weak. (Str -2) [a shining eye]
 66819 | Slime:5  | Identified the staff of fire "Ceoth" {rF+ Str+6}
 66831 | Slime:5  | Identified the +0 chain mail of Vehumet's Castigation
                  | {Dex+3}
 66857 | Slime:5  | Got a slimy rune of Zot
 66894 | Slime:5  | Identified the +1 leather armour of the Bruised Eyes {rC+
                  | Regen+}
 67363 | Hell     | Entered the Vestibule of Hell
 67363 | Hell     | Noticed Geryon
 67377 | Hell     | Killed Geryon
 67782 | Hell     | Gained mutation: You have an increased reservoir of magic.
                  | (+10% MP) [a cacodemon]
 68103 | Hell     | Found a gateway to the freezing wastes of Cocytus.
 68165 | Hell     | Found a gateway to the decaying netherworld of Tartarus.
 68286 | Hell     | Found a gateway to the ashen valley of Gehenna.
 68380 | Hell     | Found a gateway to the Iron City of Dis.
 68484 | Geh:1    | Entered Level 1 of Gehenna
 68839 | Geh:1    | Noticed an ancient lich
 68839 | Geh:1    | Noticed an ancient lich
 68839 | Geh:1    | Noticed a dread lich
 68839 | Geh:1    | Noticed an ancient lich
 68849 | Geh:1    | Killed an ancient lich
 68851 | Geh:1    | Killed a dread lich
 68853 | Geh:1    | Noticed an ancient lich
 68856 | Geh:1    | Killed an ancient lich
 68868 | Geh:1    | Killed an ancient lich
 68876 | Geh:1    | Killed an ancient lich
 68877 | Geh:1    | Noticed a dread lich
 68884 | Geh:1    | Killed a dread lich
 69016 | Geh:3    | Noticed a dread lich
 69025 | Geh:3    | Killed a dread lich
 69130 | Geh:4    | Reached skill level 27 in Invocations
 69538 | Geh:7    | Entered Level 7 of Gehenna
 69929 | Geh:7    | Found the +13 sceptre of Asmodeus
 69929 | Geh:7    | Noticed Asmodeus
 69945 | Geh:7    | Killed Asmodeus
 69982 | Geh:7    | Got an obsidian rune of Zot
 69983 | Geh:7    | Identified the +9 plate armour of Rad Bast {Contam rF++
                  | rC++}
 70606 | Orc:2    | Bought a scroll of fog for 60 gold pieces
 70606 | Orc:2    | Bought a potion of haste for 150 gold pieces
 70606 | Orc:2    | Bought a potion of curing for 45 gold pieces
 70805 | Dis:1    | Entered Level 1 of the Iron City of Dis
 71459 | Dis:2    | You are sucked into a shaft and drop 2 floors!
 72128 | Dis:3    | Noticed an ancient lich
 72137 | Dis:3    | Killed an ancient lich
 72419 | Coc:1    | Entered Level 1 of Cocytus
 72661 | Coc:2    | Noticed a dread lich
 72673 | Coc:2    | Killed a dread lich
 72674 | Coc:2    | Reached skill level 27 in Axes
 72679 | Coc:2    | Paralysed by a wendigo for 1 turns
 72682 | Coc:2    | Paralysed by a wendigo for 1 turns
 72853 | Coc:3    | Gained mutation: You occasionally lose the ability to drink
                  | potions when taking damage. [mutagenic glow]
 72869 | Coc:3    | Gained mutation: You are very weak. (Str -4) [mutagenic
                  | glow]
 72883 | Coc:3    | Lost mutation: You have an increased reservoir of magic.
                  | (+10% MP) [mutagenic glow]
 72922 | Coc:4    | Gained mutation: Your magical capacity is low. (-10% MP)
                  | [mutagenic glow]
 73407 | Pan      | Entered Pandemonium
 73491 | Pan      | Noticed Jeemoniaf the pandemonium lord
 73500 | Pan      | Killed Jeemoniaf the pandemonium lord
 73825 | Pan      | Identified the staff of conjuration "Ohuhiane" {rF- rN+
                  | Will+ Stlth+}
 73833 | Pan      | Noticed Iruqo the pandemonium lord
 73839 | Pan      | Killed Iruqo the pandemonium lord
 74528 | Pan      | Entered the realm of Lom Lobon.
 74631 | Pan      | Noticed Ignacio
 74638 | Pan      | Killed Ignacio
 75201 | Pan      | Noticed Lom Lobon
 75219 | Pan      | Killed Lom Lobon
 75245 | Pan      | Got a magical rune of Zot
 75563 | Pan      | Entered the realm of Gloorx Vloq.
 75602 | Pan      | Identified the +4 rapier "Killer Bee's Death" {flame, Dex+4
                  | Stlth+}
 76064 | Pan      | Found an exit through the horrors of the Abyss.
 76415 | Pan      | Noticed Gloorx Vloq
 76431 | Pan      | Killed Gloorx Vloq
 76454 | Pan      | Got a dark rune of Zot
 76776 | Pan      | Entered the realm of Cerebov.
 77007 | Pan      | Found the +6 sword of Cerebov {flame}
 77007 | Pan      | Noticed Cerebov
 77032 | Pan      | Killed Cerebov
 77033 | Pan      | Identified the ring of the Sunfish {+Blink MP+9}
 77063 | Pan      | Identified the +1 pair of gloves of Poker {Will+ Slay+3}
 77103 | Pan      | Identified the +0 plate armour of Hexkunk {+Inv Will+ Int+5
                  | Stlth-}
 77150 | Pan      | Got a fiery rune of Zot
 77260 | Pan      | Entered the realm of Mnoleg.
 77276 | Pan      | Found an exit through the horrors of the Abyss.
 77285 | Pan      | Gained mutation: You are very vulnerable to cold. (rC--) [a
                  | neqoxec]
 77288 | Pan      | Lost mutation: Your spells are a little harder to cast, but
                  | a little more powerful. [a neqoxec]
 77367 | Pan      | Noticed Mnoleg
 77414 | Pan      | Gained mutation: Your spells are a little easier to cast,
                  | but a little less powerful. [a cacodemon]
 77422 | Pan      | Lost mutation: You occasionally lose the ability to drink
                  | potions when taking damage. [Mnoleg's mutagenic touch]
 77428 | Pan      | Killed Mnoleg
 77446 | Pan      | Got a glowing rune of Zot
 77769 | Pan      | Noticed Fush the pandemonium lord
 77799 | Pan      | Killed Fush the pandemonium lord
 77979 | Pan      | Noticed Minenuwa the pandemonium lord
 77995 | Pan      | Killed Minenuwa the pandemonium lord
 78012 | Pan      | Got a demonic rune of Zot
 78133 | Pan      | Identified the +0 ring mail of the Known World {rCorr Str+8
                  | Int-2 Stlth+}
 78271 | Pan      | Found an exit through the horrors of the Abyss.
 78297 | Pan      | Took an exit into the Abyss.
 78297 | Abyss:3  | Escaped into the Abyss
 78420 | Depths:1 | Escaped the Abyss
 78767 | Tar:1    | Entered Level 1 of Tartarus
 79068 | Depths:1 | Gained mutation: Your system is resistant to poisons.
                  | (rPois) [mutagenic glow]
 79185 | Coc:5    | Paralysed by a wendigo for 1 turns
 79221 | Coc:5    | Paralysed by a wendigo for 1 turns
 79514 | Coc:7    | Entered Level 7 of Cocytus
 80574 | Coc:6    | Paralysed by a wendigo for 1 turns
 80580 | Coc:6    | Reached skill level 27 in Evocations
 80580 | Coc:6    | Reached skill level 1 in Throwing
 80583 | Coc:6    | HP: 9/264 [shard shrike (17)]
 80583 | Coc:6    | Killed from afar by a shard shrike

Illustrated notes

Levels and vault maps discovered:
D:1:      dpeg_arrival_erosion, layout_rooms, amethyst_killhole
D:2:      layout_basic, serial_shops, nicolae_shop_overgrown_old_shop,
          hellmonk_ecumenical_altar_leap_of_faith, uniq_robin,
          uniq_crazy_yiuf_cottage
D:3:      layout_basic, biasface_ghost_orc_armoury
D:4:      minmay_goblin_kobold_castle, layout_gridville,
          minmay_temple_entry_grid
D:5:      layout_rooms
D:6:      layout_loops_ring, minmay_misc_feat_diagonals
D:7:      layout_basic, minmay_joined_circles
D:8:      layout_layer_cave, mainiacjoe_overflow_catwalk,
          minmay_lair_entry_grove, serial_shops, shop
D:9:      layout_irregular_city
D:10:     layout_roguey, mainiacjoe_overflow_two_lobes, david_orc_2
D:11:     layout_roguey
D:12:     layout_basic, minmay_misc_feat_square,
          einodemon_armed_red_devil_minivault, uniq_snorg
D:13:     layout_grid_maze, gammafunk_ghost_nasty_kobolds, uniq_jorgrun
D:14:     layout_loops_ring, grunt_vaults_entry_tiered
D:15:     grunt_enter_depths_snipers, layout_cave_pools, serial_park,
          serial_park_tiny_2, serial_park_square3 [serial_park_minivault_5x5_3],
          serial_park_square1 [serial_park_minivault_5x5_5],
          portal_ice_cave_entry_pillars_three, hangedman_decor_push,
          nicolae_alphabet_shops
Temple:   hellmonk_temple_divided_pantheon
Lair:1:   layout_regular_city
Lair:2:   regret_index_harrowing_hell_hive, layout_cave_pods, swamp_mist,
          basic_altar, special_room [special_room_bee]
Lair:3:   nzn_winding_woodlands_stair_cross [nzn_winding_woodlands_5x15_crooked,
          nzn_winding_woodlands_center_triple_pond,
          nzn_winding_woodlands_5x15_longhouse, nzn_winding_woodlands_hourglass,
          nzn_winding_woodlands_5x5_closed_star,
          nzn_winding_woodlands_5x15_split_checker,
          nzn_winding_woodlands_center_diamonds,
          nzn_winding_woodlands_5x15_sidewinder], layout_gridlike,
          dummy_spider_entry, pond, lemuel_fruit_tree
Lair:4:   layout_loops_ring, beast_lair_carwin_4, grunt_megastairs_3
Lair:5:   due_jungle_book, layout_concentric_octagons,
          nicolae_slime_entry_slimehenge, gauntlet_entry_generic,
          grunt_megastairs_2, uniq_urug, uniq_josephine
Swamp:1:  layout_basic_swamp, gammafunk_ghost_grave,
          evilmike_swamp_ruin_house_1, uniq_frances, uniq_mlioglotl
Swamp:2:  layout_basic_swamp, evilmike_swamp_ruin_rubble_2,
          hangedman_swamp_dais, uniq_roxanne
Swamp:3:  layout_basic_swamp, hangedman_swamp_cone
Swamp:4:  swamp_basic_johnstein, layout_basic_swamp, gammafunk_ghost_grave
Spider:1: layout_spider_delve, nicolae_spider_nook, uniq_rupert
Spider:2: layout_spider_delve, uniq_arachne
Spider:3: layout_spider_delve
Spider:4: spider_rune_water, gammafunk_ghost_mausoleum
Slime:1:  layout_caves
Slime:2:  layout_caves
Slime:3:  layout_caves, uniq_dissolution
Slime:4:  layout_caves
Slime:5
Orc:1:    layout_diamond_mine, serial_shops, nicolae_shop_crystal
Orc:2:    grunt_orc_cross, layout_caves, chequers_guarded_unrand_ignorance
Elf:1:    nicolae_elf_arrival_no_cutting_in_line, layout_gridlike,
          serial_aquarium, aquarium_bridge_square [aquarium_subvault_wall,
          aquarium_subvault_wall, aquarium_subvault_wall,
          aquarium_subvault_bridge], aquarium_window_2, aquarium_window_corner,
          aquarium_window_corridor_3, aquarium_window_corner, aquarium_view_2c,
          aquarium_view_2d, aquarium_balcony_3a, aquarium_pool_1, orc_legates
Elf:2:    elven_hall_of_blades_hangedman_alternative
          [nicolae_blade_entry_floor_patterns], layout_loops_corners,
          grunt_ministairs_11, uniq_asterion
Elf:3:    minmay_elf_hall_hex, layout_onion_city
Vaults:1: nicolae_vaults_closet_pinwheel_2, v_misc_10,
          nicolae_vaults_double_plus_1, nicolae_vaults_fighting_squares,
          nicolae_vaults_big_ls, nicolae_vaults_double_plus_2,
          nicolae_vaults_diamond_1, ontoclasm_vaults_ring_square,
          nicolae_vaults_trapezoid_lopsided_1, v_pattern_5,
          nicolae_vaults_stepped_doors, ontoclasm_vaults_spin, v_misc_19,
          layout_vaults_maze_snakey, serial_shops, bzr_firewalk
Vaults:2: vaults_mumra_chevron_long, nicolae_vaults_network_s,
          nicolae_vaults_steering_wheel, st_lattice,
          nicolae_vaults_trapezoid_lopsided_2,
          nicolae_vaults_door_testing_chamber, hangedman_vaults_restitches,
          nicolae_vaults_double_plus_1, ontoclasm_vaults_ligature,
          nicolae_vaults_double_plus_1, ontoclasm_vaults_twist,
          layout_vaults_omnicross
Vaults:3: nicolae_vaults_three_branches, nicolae_vaults_network_square,
          v_pattern_4, vaults_mumra_minichess,
          minmay_crypt_entry_simple_statues, nicolae_vaults_what_the_h,
          nicolae_vaults_little_squares_5, nicolae_vaults_shrinking_rooms_2,
          nicolae_vaults_little_squares_3, special_room_vaults
          [special_room_orc], ontoclasm_vaults_gateway, vaults_room_pools,
          layout_vaults_chaotic_city, serial_shops,
          nicolae_shop_overgrown_old_shop, uniq_mara
Vaults:4: vaults_dpeg_cross, ontoclasm_vaults_eye, v_misc_18,
          nicolae_vaults_shelves_hall, nicolae_vaults_wine_cellar, v_misc_33,
          nicolae_vaults_crenellated_ambush, vaults_mumra_minichess_inversion,
          nicolae_vaults_tetromino_L_2, layout_vaults_omnigrid
Vaults:5
Crypt:1:  layout_chaotic_city, grunt_megastairs_1, grunt_crypt_arrival_split,
          lemuel_upstairs_altar
Crypt:2:  minmay_guarded_unrand_sceptre_of_torment, layout_basic,
          feat_on_display, grunt_megastairs_5, uniq_margery, uniq_donald
Crypt:3:  david_glass_crypt, layout_chaotic_city,
          nicolae_tomb_entry_rubble_hallway, uniq_boris
Depths:1: layout_cave_shapes, abyss_entry, kennysheep_pointless_box, hell_entry,
          rand_demon_pan_entry_7, hangedman_blasphemy, minmay_shop_star
Depths:2: nicolae_herringbone, layout_gridlike, hangedman_decor_riveting,
          grunt_pan_entry_sceptre, serial_shops,
          nicolae_shop_pleasant_corner_grove,
          nicolae_abyss_entry_one_way_or_another, pf_hell_entry_tar_river
Depths:3: gammafunk_depths_water_palace, layout_cave_pools, hell_entry,
          abyss_entry, pan_entry, minivault_16, serial_sigils_hangedman_scar,
          nrook_uturn, roderic_nine_men_s_morris,
          minmay_fractal_squares_diagonal_5
Depths:4: grunt_crosshair, layout_long_grid, enter_ziggurat_b,
          rand_demon_pan_entry_8, nicolae_trove_entry_isolated,
          muffindrake_ghost_three_little_ghosts, hell_entry,
          serial_bayou_shore_b
Hell
Dis:1:    layout_jigsaw
Dis:2:    layout_gridville
Dis:3:    layout_subdivisions
Dis:4:    layout_gridville, nicolae_dis_spooky_hallway
Dis:5:    layout_gridville
Dis:6:    layout_gridville, nicolae_dis_metal_dragon_surprise
Geh:1:    layout_gehenna_pools_triple, nicolae_hells_leichenhalle
Geh:2:    layout_gehenna_pools_basic
Geh:3:    layout_gehenna_pools_basic
Geh:4:    layout_gehenna_lava_caves
Geh:5:    layout_gehenna_lava_caves
Geh:6:    layout_gehenna_pools_triple
Geh:7:    evilmike_geh
Coc:1:    layout_ice_bergs
Coc:2:    layout_cocytus_water_paths
Coc:3:    layout_cocytus_delve
Coc:4:    layout_cocytus_water_paths
Coc:5:    layout_ice_bergs
Coc:6:    layout_ice_bergs
Coc:7:    coc_grunt_cove [coc_grunt_cove_antaeus, coc_grunt_cove_fiend,
          coc_grunt_cove_fiend, coc_grunt_cove_fiend, coc_grunt_cove_fiend]
Tar:1:    layout_honeycomb, nicolae_tar_cuneiform_three
Tar:2:    layout_cathedral_of_symmetry, nicolae_hells_fiendish_ambush
Zot:1:    hellmonk_paralyzer, layout_gridlike
Zot:2:    layout_cathedral_of_symmetry, uniq_josephina
Zot:3:    layout_onion, uniq_vv
Zot:4:    layout_concentric_octagons, st_single_dragon_hoard_4
Zot:5:    layout_basic

Skill      XL: |  1  2  3  4  5  6  7  8  9 10 11 12 13 14 15 16 17 18 19 20 21 22 23 24 25 26 27 |
---------------+----------------------------------------------------------------------------------+-----
Axes           | 3 4 6 7 10 12 13 14 19 20 23 24 27 | 27.0
Armour         | 4 5 8 10 11 14 18 20 23 25 27 | 27.0
Fighting       | 4 5 6 10 12 14 15 16 17 18 20 22 23 24 26 27 | 27.0
Invocations    | 3 5 8 11 12 13 18 19 20 22 27 | 27.0
Shields        | 5 |  5.0
Dodging        | 1 5 7 10 15 20 22 27 | 27.0
Evocations     | 4 5 6 11 14 15 27 | 27.0
Throwing       | 1 |  1.2

Action                     |  1- 3 |  4- 6 |  7- 9 | 10-12 | 13-15 | 16-18 | 19-21 | 22-24 | 25-27 || total
---------------------------+-------+-------+-------+-------+-------+-------+-------+-------+-------++-------
  Melee: War axe           |    69 |   115 |   349 |   299 |       |       |       |       |       ||   832
         Headbutt          |     8 |    13 |    48 |    99 |   174 |   209 |   427 |   445 |   937 ||  2360
         Battleaxe         |       |       |       |   239 |   610 |   260 |     7 |       |       ||  1116
         Executioner's axe |       |       |       |       |   167 |   657 |  1334 |  1442 |  2895 ||  6495
 Invoke: Heroism           |       |       |       |     5 |     3 |     7 |     4 |       |       ||    19
         Finesse           |       |       |       |       |       |     2 |     3 |       |       ||     5
         Cleansing Flame   |       |       |       |       |       |       |       |     5 |    42 ||    47
         Divine Shield     |       |       |       |       |       |       |       |     1 |    11 ||    12
         Brand Weapon With |       |       |       |       |       |       |       |     1 |       ||     1
         Summon Divine War |       |       |       |       |       |       |       |       |    15 ||    15
  Evoke: Wand              |       |       |       |       |       |     1 |     3 |     1 |       ||     5
         Lightning rod     |       |       |       |       |       |     1 |       |       |       ||     1
    Use: Scroll            |     2 |     2 |     5 |     2 |    11 |     8 |     9 |     6 |    10 ||    55
         Potion            |       |       |     1 |       |     2 |     3 |     2 |     1 |    26 ||    35
   Stab: Confused          |       |       |       |       |       |     2 |       |       |       ||     2
 Armour: Scale mail        |    33 |       |       |       |       |       |       |       |       ||    33
         Chain mail        |    11 |    83 |   105 |       |       |       |       |       |       ||   199
         Plate armour      |       |       |   113 |   454 |   582 |   770 |   914 |   713 |  1486 ||  5032
  Dodge: Dodged            |    35 |    55 |   108 |   266 |   314 |   462 |   846 |   918 |  2546 ||  5550
  Block: Buckler           |    12 |    21 |    67 |    76 |       |       |       |       |       ||   176
         Other             |       |       |       |       |       |       |       |     8 |   166 ||   174
